Cogmind - Beta 13 @@@ ROGUE MODE // 2024.04.21 @ 09:03:17 Player: opaguck Result: Self-destructed Performance ------------- Evolutions (2) 1000 Regions Visited (5) 1000 Robots Destroyed (90) 450 Value Destroyed (2090) 2090 Prototype IDs (6) 120 Alien Tech Used (0) 0 Bonus (103) 103 TOTAL SCORE: 4763 Bonus ------- High Alert Combat Kills 127 Follower Combat Kills 40 Friendly Fire -64 Cogmind --------- Core Integrity 309/550 Matter 269/300 Energy 48/100 System Corruption 5% Temperature Cool (0) Movement Core (200) Ox3 Location -8/Storage Parts ------- > --- POWER (1) -------- (None) > --- PROPULSION (4) --- (None) > --- UTILITY (4) ------ Medium Storage Unit > --- WEAPON (2) ------- (None) > --- INVENTORY (10) --- Cooling System Relay Coupler [Grunt] (18) Relay Coupler [Sentry] (12) Heavy Particle Gun Light EM Pulse Cannon Advanced EMP Blaster Advanced EMP Blaster Advanced EMP Blaster Rocket Launcher Mini Grenade Launcher Peak State ------------ > --- POWER ------------ Nuclear Core > --- PROPULSION ------- Wheel Compact Wheel > --- UTILITY ---------- Medium Storage Unit Light Armor Plating Drone Bay Drone Bay > --- WEAPON ----------- Advanced EMP Blaster Advanced EMP Blaster > --- INVENTORY -------- Cooling System Relay Coupler [Grunt] Relay Coupler [Sentry] EM Shotgun Heavy Particle Gun Light EM Pulse Cannon Advanced EMP Blaster Advanced EMP Blaster Rocket Launcher Mini Grenade Launcher [Rating: 27] Favorites ----------- Power Light Ion Engine Engine Light Ion Engine Power Core Nuclear Core Propulsion Wheel Leg Aluminum Leg Wheel Wheel Utility Medium Storage Unit Device Drone Bay Storage Medium Storage Unit Protection Light Armor Plating Weapon Advanced EMP Blaster Energy Gun EM Shotgun Energy Cannon Light EM Pulse Cannon Ballistic Gun Assault Rifle Ballistic Cannon Slug Cannon Launcher Advanced EMP Blaster Impact Weapon Heavy Hammer Build | -11 -10 -9 -9 -8 -8 ------- Run | Yrd Mat Mat Min Mat Sto Slots Evolved 4 | . . 2 . 2 . Power . | . . . . . . Propulsion 2 | . . 1 . 1 . Utility 2 | . . 1 . 1 . Weapon . | . . . . . . Parts Attached 67 | 8 5 21 5 11 17 Power 11 | 1 1 4 2 3 . Engine 9 | 1 1 4 2 1 . Core 2 | . . . . 2 . Reactor . | . . . . . . Propulsion 13 | 2 1 4 1 1 4 Treads . | . . . . . . Leg 1 | . . . . . 1 Wheel 12 | 2 1 4 1 1 3 Hover . | . . . . . . Flight . | . . . . . . Utility 19 | 3 3 5 1 3 4 Device 10 | 2 1 2 1 2 2 Storage 2 | 1 1 . . . . Processor . | . . . . . . Hackware . | . . . . . . Protection 7 | . 1 3 . 1 2 Artifact . | . . . . . . Weapon 24 | 2 . 8 1 4 9 Energy Gun 9 | 1 . 6 . . 2 Energy Cannon 5 | . . 1 1 2 1 Ballistic Gun 1 | 1 . . . . . Ballistic Cannon 2 | . . . . 1 1 Launcher 6 | . . . . 1 5 Special Weapon . | . . . . . . Impact Weapon 1 | . . 1 . . . Slashing Weapon . | . . . . . . Piercing Weapon . | . . . . . . Special Melee Weapon . | . . . . . . Unidentified Prototypes 5 | . . 1 2 . 2 Parts Lost 24 | . 1 6 1 5 11 Power 2 | . . . 1 . 1 Propulsion 7 | . . 1 . 3 3 Utility 8 | . . 1 . 2 5 Weapon 7 | . 1 4 . . 2 Highest Loss Streak 4 | . 1 3 1 4 4 To Critical Strikes 1 | . . 1 . . . Average Slot Usage (%) 81 | . 93 93 98 87 65 Engine 5 | . 13 11 11 1 . Core 4 | . . . . 7 8 Wheel 21 | . 28 30 33 32 8 Device 12 | . 9 11 11 15 14 Storage 10 | . 13 11 11 9 9 Protection 8 | . 3 11 11 7 7 Energy Gun 6 | . 9 12 11 2 . Energy Cannon 3 | . . 3 9 5 1 Ballistic Gun 1 | . 14 . . . . Launcher 6 | . . . . 4 14 Naked Turns . | . . . . . . Heaviest Build 45 | 13 20 26 29 38 45 Greatest Support 46 | 26 32 42 36 46 26 Greatest Overweight (x) 14 | 1 1 . . 2 14 Average Overweight (x) . | . . . . . 2 Largest Inventory Capacity 10 | 8 10 10 10 10 10 Average Capacity 9 | 6 9 10 10 10 10 Most Carried 10 | 3 7 10 10 10 10 Average Carried 8 | . 5 8 9 9 9 Final Capacity 10 | 5 10 10 10 10 10 Final Carried 10 | 3 7 10 10 10 10 Class Distribution -------------------- 93% | Mutant 6% | Scavenger-Mutant Dominant Class ---------------- Mutant | -10/Materials Mutant | -9/Materials Mutant | -9/Mines Scavenger-Mutant | -8/Materials Mutant | -8/Storage Resources | -11 -10 -9 -9 -8 -8 ----------- Run | Yrd Mat Mat Min Mat Sto Matter Collected 1343 | 280 77 219 25 94 648 Remotely 130 | 130 . . . . . Salvage Created 3349 | 136 312 749 58 417 1677 Parts 187 | 5 21 58 7 17 79 Haulers Intercepted 4 | . . 2 . . 2 Recyclers Shooed 5 | . 2 . . . 3 Parts Field Recycled . | . . . . . . Retrieved Matter . | . . . . . . Parts Self-Destructed . | . . . . . . Prevented . | . . . . . . Kills | -11 -10 -9 -9 -8 -8 ------- Run | Yrd Mat Mat Min Mat Sto Combat Hostiles Destroyed 52 | . 5 16 2 11 18 Melee 1 | . . 1 . . . Guns 17 | . 5 10 1 1 . Cannons 3 | . . . . 3 . AOE 30 | . . 5 1 7 17 Classes Destroyed 12 | 2 3 5 . 1 1 Worker 3 | . . 1 1 . 1 Builder 6 | . 1 . . 1 4 Tunneler 2 | 2 . . . . . Hauler 4 | . . 2 . . 2 Recycler 14 | 1 2 1 . . 10 Operator 1 | . . . . . 1 Watcher 8 | . . 5 . 2 1 Swarmer 21 | . 3 9 2 3 4 Grunt 18 | . 2 4 . 5 7 Brawler 1 | . . 1 . . . Sentry 11 | . . 2 . 2 7 Hunter 1 | . . . . 1 . Best Kill Streak 9 | 3 3 6 2 9 8 Combat Bots Only 7 | . 3 5 2 7 4 Max Kills in Single Turn 3 | 1 1 3 1 3 3 Gunslinging 1 | . . 1 . . . Exploded 3 | . . 3 1 2 3 Melee 1 | . . 1 . . . Uniques/NPCs Destroyed . | . . . . . . Combat | -11 -10 -9 -9 -8 -8 -------- Run | Yrd Mat Mat Min Mat Sto Hostile Shots Fired 263 | . 49 86 8 60 60 Missed 76 | . 22 24 . 17 13 Damage Taken 2939 | 30 272 777 121 673 1066 Core 490 | 7 91 151 . 59 182 Absorbed by Shields . | . . . . . . Regen/Repaired (Parts) 182 | . . 77 . . 105 Core Remaining (%) 73 | 97 60 . 62 . . Volleys Fired 186 | 6 41 41 8 29 61 Largest 2 | 1 2 2 2 2 2 Hottest 112 | 40 60 101 101 112 72 Shots Fired 246 | 6 44 69 9 41 77 Gun 129 | 6 44 63 8 4 4 Cannon 41 | . . 6 1 29 5 Launcher 76 | . . . . 8 68 Special . | . . . . . . Kinetic 34 | . 18 4 . 9 3 Thermal . | . . . . . . Explosive 17 | . . . . 8 9 Electromagnetic 195 | 6 26 65 9 24 65 Robot Hit Streak 13 | 4 6 13 2 11 10 Robot Miss Streak 4 | 1 2 4 3 2 2 Penetration Max . | . . . . . . Secondary Targets 1 | . . 1 . . . Max Gunslinging Chain 1 | . . 1 . . . Shots Hit Robots 155 | 5 28 68 7 18 29 Core Hits 129 | 4 13 35 7 20 50 Critical Kills 1 | . . 1 . . . Critical Parts Destroyed . | . . . . . . Critical Strikes 2 | . 1 1 . . . Corrupt 1 | . 1 . . . . Smash 1 | . . 1 . . . Melee Attacks 17 | . . 17 . . . Impact 17 | . . 17 . . . Slashing . | . . . . . . Piercing . | . . . . . . Sneak Attacks 1 | . . 1 . . . Combat Hostiles . | . . . . . . Follow-up Attacks . | . . . . . . Damage Inflicted 5499 | 121 384 1523 195 930 2346 Guns 1275 | 63 384 688 61 25 54 Cannons 504 | . . 45 19 341 99 Explosions 3126 | 58 . 220 115 555 2178 Melee 570 | . . 570 . . . Ramming 24 | . . . . 9 15 Kinetic 335 | . 147 35 . 90 63 Thermal 449 | 58 . 220 115 . 56 Explosive 971 | . . . . 555 416 Electromagnetic 3150 | 63 237 698 80 276 1796 Impact 570 | . . 570 . . . Slashing . | . . . . . . Piercing . | . . . . . . Highest Corruption 5 | . . . . . 5 Average Corruption 3 | . . . . . 3 Corruption Purged . | . . . . . . Corruption Blocked . | . . . . . . Effects 16 | . . . . . 16 Message Errors 7 | . . . . . 7 Matter Fused 3 | . . . . . 3 Heat Flow Errors 2 | . . . . . 2 Energy Discharges 1 | . . . . . 1 Parts Rejected 1 | . . . . . 1 Data Loss (major) 1 | . . . . . 1 Weapon Failures 1 | . . . . . 1 Overload Shots . | . . . . . . Overflow Damage 96 | . . 40 15 . 41 Projectiles . | . . . . . . Explosions 56 | . . . 15 . 41 Melee 40 | . . 40 . . . Knockbacks 1 | . . 1 . . . Impact 1 | . . 1 . . . Kinetic . | . . . . . . Secondary . | . . . . . . Self-Inflicted Damage 534 | 31 . 36 38 49 380 Shots 29 | 2 . 2 1 2 22 Rammed 6 | . . . . 1 5 Targets Rammed 6 | . . . . 1 5 Kicked . | . . . . . . Crushed . | . . . . . . Highest Temperature 412 | 12 136 316 314 412 160 Average Temperature 76 | 12 75 82 65 127 19 Received Heat Transfer 735 | . 78 186 12 198 261 Effects 3 | . . . . 3 . Shutdowns 1 | . . . . 1 . Matter Decay 1 | . . . . 1 . Short Circuit 1 | . . . . 1 . Siege Activations . | . . . . . . Robots Corrupted 2 | . . 1 . . 1 Combat Hostiles 1 | . . . . . 1 Parts Fried 21 | . . 6 . 2 13 Impact Corruptions 4 | . . 4 . . . Robots Melted . | . . . . . . Combat Hostiles . | . . . . . . Parts Melted . | . . . . . . Heat Transferred 650 | 50 . 250 250 . 100 Parts Sabotaged . | . . . . . . Parts Stolen . | . . . . . . Parts Stripped . | . . . . . . Power Chain Reactions 13 | 2 . 3 1 . 7 Alert | -11 -10 -9 -9 -8 -8 ------- Run | Yrd Mat Mat Min Mat Sto Peak Influence 589 | 15 134 406 188 481 589 Initial 185 | . 9 56 106 72 185 Average 256 | 4 65 179 174 269 386 Maximum Alert Level 2 | . . 2 . 2 2 Low Security (%) 48 | 100 100 63 100 41 9 Level 1 23 | . . 36 . 12 31 Level 2 27 | . . . . 45 58 Level 3 . | . . . . . . Level 4 . | . . . . . . Level 5 . | . . . . . . High Security . | . . . . . . Max Security . | . . . . . . Squads Dispatched 6 | . . 2 . 3 1 Investigation 1 | . . 1 . . . Extermination . | . . . . . . Reinforcement 3 | . . 1 . 1 1 Assault 1 | . . . . 1 . Garrison 1 | . . . . 1 . Intercept . | . . . . . . Searches Triggered . | . . . . . . Construction Impeded 1 | . . . . . 1 Haulers Reinforced . | . . . . . . Active Scanning Responses . | . . . . . . Cargo Convoy Interrupts . | . . . . . . Stealth | -11 -10 -9 -9 -8 -8 --------- Run | Yrd Mat Mat Min Mat Sto Distress Signals 7 | . . 1 . 1 5 Communications Jammed . | . . . . . . Distress Signals . | . . . . . . Times Spotted 86 | . 8 30 3 19 26 Peak Tracking Total 6 | . 3 6 3 6 6 Tactical Retreats 6 | . . . . 1 5 Traps | -11 -10 -9 -9 -8 -8 ------- Run | Yrd Mat Mat Min Mat Sto Traps Triggered . | . . . . . . Indirectly . | . . . . . . Trap Hack Attempts . | . . . . . . Triggered . | . . . . . . Disarmed . | . . . . . . Reprogrammed . | . . . . . . Reused . | . . . . . . Traps Extracted . | . . . . . . Installed . | . . . . . . Triggered 1 | . . . . . 1 Machines | -11 -10 -9 -9 -8 -8 ---------- Run | Yrd Mat Mat Min Mat Sto Machines Disabled 11 | . . . . 3 8 Max in Single Turn 2 | . . . . 1 2 Garrison Access 1 | . . . . 1 . Machines Repaired . | . . . . . . Machines Dismantled . | . . . . . . Machines Sabotaged . | . . . . . . Overloaded Fab Kills . | . . . . . . Hacking | -11 -10 -9 -9 -8 -8 --------- Run | Yrd Mat Mat Min Mat Sto Machines Accessed 18 | . . 4 1 2 11 Terminals 13 | . . 1 . 2 10 Fabricators . | . . . . . . Repair Stations 2 | . . 1 . . 1 Recycling Units 1 | . . 1 . . . Scanalyzers 1 | . . 1 . . . Garrison Access . | . . . . . . Total Hacks 46 | . . 18 1 3 24 Successful 31 | . . 12 1 2 16 Failed 15 | . . 6 . 1 8 Catastrophic 1 | . . . . 1 . Database Lockouts . | . . . . . . Manual . | . . . . . . Terminals 25 | . . 2 . 3 20 Fabricators . | . . . . . . Repair Stations 15 | . . 11 . . 4 Recycling Units 2 | . . 2 . . . Scanalyzers 3 | . . 3 . . . Garrison Access . | . . . . . . Terminal Hacks 16 | . . 1 1 2 12 Record 3 | . . . . 1 2 Open Door 4 | . . . 1 . 3 Alert Level 1 | . . . . . 1 Unreport Threat 2 | . . . . 1 1 Locate Traps 2 | . . . . . 2 Investigation Status 1 | . . . . . 1 Hauler Manifests 1 | . . . . . 1 Zone Layout 2 | . . 1 . . 1 Fabricator Hacks . | . . . . . . Repair Station Hacks 11 | . . 7 . . 4 Scan Component 6 | . . 4 . . 2 Repair 5 | . . 3 . . 2 Recycling Unit Hacks 2 | . . 2 . . . Report Inventory 1 | . . 1 . . . Retrieve Components 1 | . . 1 . . . Scanalyzer 2 | . . 2 . . . Insert Component 1 | . . 1 . . . Analyze 1 | . . 1 . . . Garrison Access Hacks . | . . . . . . Unauthorized Hacks . | . . . . . . Terminals . | . . . . . . Fabricators . | . . . . . . Repair Stations . | . . . . . . Recycling Units . | . . . . . . Scanalyzers . | . . . . . . Garrison Access . | . . . . . . Data Cores Recovered . | . . . . . . Used . | . . . . . . Hacking Detections 11 | . . 3 . 2 6 Full Trace Events 4 | . . 3 . . 1 Feedback Events . | . . . . . . Feedback Blocked . | . . . . . . Robot Schematics Acquired . | . . . . . . Robots Built . | . . . . . . Authchips . | . . . . . . Time . | . . . . . . Total Robot Build Rating . | . . . . . . Part Schematics Acquired . | . . . . . . Parts Built . | . . . . . . Authchips . | . . . . . . Time . | . . . . . . Total Part Build Rating . | . . . . . . Parts Repaired 5 | . . 3 . . 2 Time 148 | . . 84 . . 64 Parts Recycled . | . . . . . . Recycled Matter . | . . . . . . Retrieved Matter . | . . . . . . Retrieved Components 3 | . . 3 . . . Parts Scanalyzed 1 | . . 1 . . . Part Schematics Acquired . | . . . . . . Parts Damaged . | . . . . . . Bothacking | -11 -10 -9 -9 -8 -8 ------------ Run | Yrd Mat Mat Min Mat Sto Used RIF Installer . | . . . . . . Robots Hacked . | . . . . . . Non-combat . | . . . . . . Combat . | . . . . . . Robot Hacks Applied . | . . . . . . Relay Couplers Released 2 | . . . . 2 . Machine Destruction 2 | . . . . 2 . Fabnet Peak Effective % . | . . . . . . Robots Rewired . | . . . . . . Allies Hacked . | . . . . . . Hacks Repelled . | . . . . . . Allies | -11 -10 -9 -9 -8 -8 -------- Run | Yrd Mat Mat Min Mat Sto Total Allies 4 | . . . 4 . . Largest Group 4 | . . . 4 . . Highest-Rated Group 71 | . . . 71 . . Highest-Rated Ally 31 | . . . 31 . . Total Orders 16 | . . . . 6 10 EXPLORE 12 | . . . . 3 9 RETURN 4 | . . . . 3 1 Ally Attacks 52 | . . . 4 8 40 Total Damage 256 | . . . 33 19 204 Kills 4 | . . . 1 . 3 Allies Corrupted . | . . . . . . Allies Melted . | . . . . . . Intel | -11 -10 -9 -9 -8 -8 ------- Run | Yrd Mat Mat Min Mat Sto Robot Analysis Total . | . . . . . . Derelict Logs Recovered 1 | . . . 1 . . Drone Launches 15 | . . . . 6 9 Drone Recoveries 14 | . . . . 6 8 Exploration | -11 -10 -9 -9 -8 -8 ------------- Run | Yrd Mat Mat Min Mat Sto Turns Passed 3059 | 71 262 856 386 241 1243 Spaces Moved 1852 | 47 138 575 397 116 579 Core 33 | 4 . . . . 29 Treads . | . . . . . . Legs 1 | . . . . . 1 Wheels 1818 | 43 138 575 397 116 549 Hover . | . . . . . . Flight . | . . . . . . Fastest Speed 50 | 50 90 86 86 85 105 Average Speed 107 | 88 94 88 86 91 148 Slowest Speed 750 | 100 115 100 86 110 750 Overloaded Moves . | . . . . . . Propulsion Burnouts . | . . . . . . Robots Hopped . | . . . . . . Cave-ins Triggered . | . . . . . . Exploration Rate (%) 44 | 4 27 42 88 27 77 Regions Visited 5 Branch Regions 2 Pre-discovered Areas 2 | . . . 1 . 1 Known Exits Taken . | . . . . . . Unknown Exits Taken 5 | 1 1 1 1 1 . Scrap Searched 3 | . . . 3 . . Spaces Dug . | . . . . . . Terrain Destroyed 221 | 8 . 12 5 95 101 Melee . | . . . . . . Projectile 4 | . . . . 4 . AOE 217 | 8 . 12 5 91 101 Terrain Rammed . | . . . . . . Walls Destroyed . | . . . . . . Machines Disabled . | . . . . . . Actions | -11 -10 -9 -9 -8 -8 --------- Run | Yrd Mat Mat Min Mat Sto Total 2635 | 66 225 820 433 210 881 Wait 448 | 3 36 145 16 42 206 Move 1847 | 46 137 574 396 115 579 Hop . | . . . . . . Pick Up 25 | 2 1 11 4 5 2 Fast Attach 40 | 8 5 11 2 2 12 Attach 18 | . . 9 3 5 1 Detach 9 | 1 3 3 . . 2 Swap 9 | . . 1 . 4 4 Drop 30 | . 2 8 4 7 9 Fire 186 | 6 41 41 8 29 61 Melee 17 | . . 17 . . . Ram 6 | . . . . 1 5 Kick . | . . . . . . Crush . | . . . . . . Escape Stasis . | . . . . . . Rewire . | . . . . . . Trap . | . . . . . . Miscellaneous . | . . . . . . Route ------- -11/Scrapyard -10/Materials -9/Materials (discovered 2 exits: *Mat / *Min) -9/Mines -8/Materials (discovered 2 exits: *Sto x2) -8/Storage (discovered 2 exits: [*Fac] / [Rec]) History --------- Turn | Location | Event 18 | -11/Scrapyard | Discovered new exit (range 14) 72 | -11/Scrapyard | Entered Materials 308 | -10/Materials | Build established: Mutant 321 | -10/Materials | Discovered new exit (range 14) 334 | -10/Materials | Entered another Materials area 334 | -9/Materials | Evolved 2 slots: Propulsion x1, Utility x1 445 | -9/Materials | Discovered new exit (range 13) 645 | -9/Materials | Lost 3 parts (1n1u1w) 678 | -9/Materials | Repaired EM Shotgun 706 | -9/Materials | Repaired Wheel 734 | -9/Materials | Repaired Com. Wheel 1022 | -9/Materials | Discovered new exit (range 6) 1190 | -9/Materials | Entered Mines 1194 | -9/Mines | Assisted by bots powering up and referring to "LRC-V3" 1323 | -9/Mines | Received a Mining Laser from a helpful Derelict 1389 | -9/Mines | Received a Rocket Launcher from a helpful Derelict 1456 | -9/Mines | Discovered new exit (range 14) 1467 | -9/Mines | Found the Drone Emporium 1471 | -9/Mines | Found Prototype Device 1471 | -9/Mines | Identified Thief Drone Bay 1543 | -9/Mines | A weapon hastily lodged in a ceiling crevice suddenly fell to the ground 1576 | -9/Mines | Entered Materials 1576 | -8/Materials | Evolved 2 slots: Propulsion x1, Utility x1 1652 | -8/Materials | Discovered new exit (range 26) 1659 | -8/Materials | Discovered new exit (range 38) 1728 | -8/Materials | Destroyed 7 combat bots 1817 | -8/Materials | Entered Storage 1823 | -8/Storage | Lost 4 parts (3n1u) 1867 | -8/Storage | Repaired Lgt. EM Pulse Cannon 1901 | -8/Storage | Repaired Rocket Launcher 2664 | -8/Storage | Learned location of Armory (-4) 2863 | -8/Storage | Discovered new exit (range 8) 2922 | -8/Storage | Discovered new exit (range 17) 3060 | -8/Storage | Self-destructed Last Messages --------------- 03021_ U-05 Engineer lays Concrete. 03023_ U-05 Engineer builds a Door. 03025_ U-05 Engineer lays Concrete. 03026_ ALERT: Construction progress impeded, dispatching reinforcements to local area. 03027_ U-05 Engineer lays Concrete. 03029_ System corrupted: Matter fused (-5). 03032_ U-05 Engineer destroyed. 03045_ Nuclear Core destroyed. 03046_ System corrupted: Lgt. Armor Plating rejected. 03046_ Y-45 Defender destroyed. 03046_ G-47 Trooper destroyed. 03050_ Drone Bay destroyed. 03050_ Destroyed Drone Bay. 03053_ EM Shotgun destroyed. 03055_ Adv. EMP Blaster destroyed. 03056_ Slammed into U-05 Engineer. 03057_ G-47 Trooper misfires. 03058_ U-05 Engineer lays Concrete. Map ----- +----------------------------------------------------+ | ????####### ###??#""" # [############+## # | | ??????????# #????#""" %/ %= !%!= # | | ??????????# #????# # ! %|!!!%! # | | ??????????# #????#"" # # ###* % # | | ??????????# #????#""" =%! #### !## | | ??????????" "????#""" ### ### !!#? | | ??????????" "????# #?####?### % #? | | ??????????"%"????# #???????# [ #? | | ??????????#!#????# #???????##%"######### ## | | ??????????#=#????###" "#############==####### %# | | ??????????#!#??????#"Y"#??# ### ]]]### | | ??????????# #??????#"""#??# ### ] [[### | | ??????????# #??????#####??# ####T####### # | | ???????####"#####?????????# #############+### | | ???????# #?????????# #?????????# | | ???????# """" #???###???# #??#####??# | | ???????# "!!"" #???[ ]???# #??#"""#??# | | ???????# "*! #???[ ]???# #??#" "#??# | | ???????# "" ! #???[ ]???# #### "#### | | ???????# %= #???[ ]???# ! ## ] # | | ???????# #??#" "##?# %[ ## # "T | | ???????# % #??# T#?# ##! # "" | | ???????# = #??# #??# ##=%[ # | | ???######### ########;#######+ ## = ####### | | ???# u!%g% =%= ! # #?????? | | ???# < *g= ! @ ; #?????? | | ???# # ##????? | | ???######################### ##### #????? | | ???????????????????????????####???###########????? | | | | | | | | | | | | | | | | | | | | | | | | | | | | | | | | | | | | | | | | | | | +----------------------------------------------------+ Best States ------------- Heat Dissipation 31 Coolant Potential 50 Energy Generation 14 Energy Capacity 250 Matter Stores 300 Matter Capacity 300 Sight Range 16 Terrain Scan Range 14 Terrain Scan Density 10 Armor Coverage 225 Evasion (%) 43 Item Schematics ----------------- None Robot Schematics ------------------ None Fabricated ------------ Nothing Alien Tech Used ----------------- None Achievements -------------- Hey, That's Mine! Use The Force Challenges ------------ None Game ------ Seed BiocellGlidesysRigger Manual? 0 Play Time 01:05:08 Cumulative 11.4 hours Start 2024.04.21 @ 07:51:29 End 2024.04.21 @ 09:03:17 Sessions 1 Manual Loads 0 Difficulty Rogue Special Mode None Game No. 10 Rogue 10 Adventurer 0 Explorer 0 Win Type - Total 0 Types 0/0/0/0/0/0/0/0/0 Lore% 18 Gallery% 18 Achievement% 17 Wizard Run 0 Options --------- Layout 1 ASCII 0 Keyboard 0 Movement Mouse Keybinds 0 Fullscreen 2 Font 24/Smallcaps Map View 50x35 Zoom Use 0% Tactical HUD 1 Map Filters NONE Filters NONE Steam 1 RUN: b554c5f1-fcbc-4438-bd7f-dae767e6594c